 Dungeon Crawl Stone Soup version 0.29-a0-559-g359e09b9d1 (webtiles) character file.

Game seed: 11762132322917041553

36869 frimble the Carver (level 14, -2/108 (122) HPs)
             Began as a Meteoran Ice Elementalist on June 10, 2022.
             Was an Elder of Ashenzari.
             Slain by a sun demon (15 damage)
             ... in a volcano.
             The game lasted 00:32:38 (9945 turns).

frimble the Carver (Meteoran Ice Elementalist)      Turns: 9945, Time: 00:32:38

HP:   -2/108 (122)  AC: 20    Str: 12    XL:     14   Next: 62%
MP:   46/47         EV: 14    Int: 25    God:    Ashenzari [****..]
Gold: 960           SH: 11    Dex: 15    Spells: 20/33 levels left

rFire   . . .      SeeInvis +   e - +4 scimitar "Irogut" {vorpal, MP+9}
rCold   . . .      Faith    .   w - +3 buckler "Share My Visionary" {Fort, Elem} (curse)
rNeg    + . .      Spirit   .   o - +5 ring mail "Share My Servitude" {Contam rN+ Str+3 Int+2, Fort, Cun} (curse)
rPois   .          Reflect  .   B - +0 helmet "Prophetic Scepticism" {Comp, Melee} (curse)
rElec   .          Harm     .   n - +0 cloak "Shackled Irritation" {Alch, Bglg} (curse)
rCorr   .          Rampage  .   Q - +2 pair of gloves
Will    +....      Clarity  +   E - +1 pair of boots of Ashenzari's Blue Moon {Range, Cun} (curse)
Stlth   +.........              G - amulet "Tethered With Me" {RegenMP, Self, Fort} (curse)
HPRegen 0.28/turn               v - ring "Ensconced With Me" {MP+9, Fort, Evo} (curse)
MPRegen 0.70/turn               (no ring)

@: freezing walls, glowing, studying Crossbows, heavily drained
A: sense surroundings 2, otherworldly, glowing, explore regen
a: Renounce Religion, Shatter the Chains


You were in a volcano.
You worshipped Ashenzari.
Ashenzari was greatly pleased with you.
You visited 4 branches of the dungeon, and saw 19 of its levels.
You also visited: Sewer and Volcano.

You collected 1344 gold pieces.
You spent 384 gold pieces at shops.

Inventory:

Hand Weapons
 a - the +7 falchion "Zucirch" {freeze, rElec MP+9 Str+3 SInv}
   (You found it on level 3 of the Dungeon)

   It freezes those it strikes, dealing additional cold damage.
   It can also slow down cold-blooded creatures.
   Str:       It affects your strength (+3).
   rElec:     It insulates you from electricity.
   MP:        It affects your magic capacity (+9).
   SInv:      It lets you see invisible.
 e - the +4 scimitar "Irogut" (weapon) {vorpal, MP+9}
   (You bought it in a shop on level 8 of the Dungeon)

   It inflicts extra damage upon your enemies.
   MP:        It affects your magic capacity (+9).
 r - a +0 quick blade
 F - a +2 morningstar of draining
 R - a +4 scimitar of flaming
Missiles
 k - 13 boomerangs
Armour
 n - the cursed +0 cloak "Shackled Irritation" (worn) {Alch, Bglg}
   (You found it on level 1 of the Dungeon)

   It has a curse which improves the following skills: Alchemy: Poison Magic and
   Transmutations.
   Beguiling: Conjurations, Hexes and Translocations.
 o - the cursed +5 ring mail "Share My Servitude" (worn) {Contam rN+ Str+3 Int+2, Fort, Cun}
   (You found it on level 2 of the Dungeon)

   Str:       It affects your strength (+3).
   Int:       It affects your intelligence (+2).
   rN:        It protects you from negative energy.
   Contam:    It causes magical contamination when unequipped.
   It has a curse which improves the following skills: Fortitude: Armour and
   Shields.
   Cunning:   Dodging and Stealth.
 w - the cursed +3 buckler "Share My Visionary" (worn) {Fort, Elem}
   (You found it on level 5 of the Dungeon)

   It has a curse which improves the following skills: Fortitude: Armour and
   Shields.
   Elements:  Fire Magic, Ice Magic, Air Magic and Earth Magic.
 B - the cursed +0 helmet "Prophetic Scepticism" (worn) {Comp, Melee}
   (You found it on level 6 of the Dungeon)

   It has a curse which improves the following skills: Companions: Summonings
   and Necromancy.
   Melee Combat: Short Blades, Long Blades, Axes, Maces & Flails, Polearms,
   Staves and Unarmed Combat.
 E - the cursed +1 pair of boots of Ashenzari's Blue Moon (worn) {Range, Cun}
   (You found it on level 7 of the Dungeon)

   It has a curse which improves the following skills: Ranged Combat: Slings,
   Bows, Crossbows and Throwing.
   Cunning:   Dodging and Stealth.
 Q - a +2 pair of gloves (worn)
Jewellery
 v - the cursed ring "Ensconced With Me" (left hand) {MP+9, Fort, Evo}
   (You found it in a sewer)

   [ring of magical power]

   MP:        It affects your magic capacity (+9).
   It has a curse which improves the following skills: Fortitude: Armour and
   Shields.
   Evocations: Evocations.
 y - a ring of resist corrosion
 G - the cursed amulet "Tethered With Me" (around neck) {RegenMP, Self, Fort}
   (You found it on level 10 of the Dungeon)

   [amulet of magic regeneration]

   It increases your rate of magic regeneration.
   It has a curse which improves the following skills: Introspection: Fighting
   and Spellcasting.
   Fortitude: Armour and Shields.
Wands
 i - a wand of mindburst (9)
 J - a wand of polymorph (12)
 K - a wand of iceblast (6)
 O - a wand of flame (11)
 P - a wand of digging (5)
 T - a wand of acid (5)
Scrolls
 c - 2 scrolls of fear
 f - 2 scrolls of vulnerability
 p - 4 scrolls of blinking
 q - 4 scrolls of fog
 A - 2 scrolls of poison
 C - 3 scrolls of magic mapping
 H - a scroll of identify
 I - 3 scrolls of teleportation
 L - a scroll of silence
 N - 2 scrolls of summoning
Potions
 b - a potion of magic
 d - 3 potions of lignification
 g - 3 potions of heal wounds
 h - 10 potions of curing
 j - 2 potions of berserk rage
 l - a potion of brilliance
 m - 4 potions of degeneration
 s - 4 potions of haste
 t - a potion of flight
 x - 5 potions of attraction
 z - 3 potions of invisibility
 D - 5 potions of mutation
 M - 4 potions of ambrosia
Miscellaneous
 u - a lightning rod (1/4)
 S - a condenser vane (inert)


   Skills:
 + Level 8.6(10.6) Fighting
 - Level 12.7(14.6) Long Blades
 - Level 1.9(3.3) Throwing
 - Level 4.2(8.5) Armour
 + Level 6.1(9.1) Dodging
 - Level 3.8(6.5) Stealth
 - Level 11.0(15.7) Shields
 + Level 8.4(10.4) Spellcasting
 + Level 7.9(10.0) Transmutations
 - Level 12.3(14.2) Ice Magic
 + Level 7.8(9.8) Earth Magic
 + Level 2.2(3.7) Evocations


You had 20 spell levels left.
You knew the following spells:

 Your Spells              Type           Power      Damage    Failure   Level
a - Freeze                Ice            100%       1d11      1%          1
b - Frozen Ramparts       Ice            100%       1d12      1%          3
c - Ozocubu's Armour      Ice            71%        N/A       1%          3
d - Statue Form           Tmut/Erth      38%        N/A       26%         6

Your spell library contained the following spells:

 Spells                   Type           Power      Damage    Failure   Level
 Beastly Appendage        Tmut           100%       N/A       1%          1
 Ensorcelled Hibernation  Hex/Ice        98%        N/A       1%          2
 Wereblood                Tmut           58%        N/A       1%          2
 Petrify                  Tmut/Erth      58%        N/A       1%          4
 Spider Form              Tmut/Pois      38%        N/A       3%          3
 Hailstorm                Conj/Ice       49%        3d11      5%          4
 Slow                     Hex            56%        N/A       10%         1
 Animate Armour           Summ/Erth      76%        N/A       13%         4
 Metabolic Englaciation   Hex/Ice        24%        N/A       14%         5
 Confusing Touch          Hex            14%        N/A       28%         3
 Vampiric Draining        Necr           14%        2d7       28%         3
 Freezing Cloud           Conj/Ice/Air   18%        6-21      36%         5
 Simulacrum               Ice/Necr       24%        N/A       63%         6
 Airstrike                Air            7%         N/A       67%         4
 Anguish                  Hex/Necr       7%         N/A       67%         4
 Summon Lightning Spire   Summ/Air       14%        N/A       67%         4
 Lightning Bolt           Conj/Air       7%         1d19      95%         5
 Borgnjor's Revivificati  Necr           7%         N/A       100%        8
 Necromutation            Tmut/Necr      19%        N/A       100%        8
 Death's Door             Necr           7%         N/A       100%        9


Dungeon Overview and Level Annotations

Branches:
Dungeon (15/15)            Temple (1/1) D:6            Lair (1/6) D:11
    Orc (2/2) D:11         Vaults (0/5) D:14         Depths (0/4) D:15
  Sewer (visited)         Volcano (1/1)
    Elf: Orc:2

Altars:
Ashenzari
Hepliaklqana
Makhleb
Nemelex Xobeh
Qazlal
Ru
Vehumet
Xom
Yredelemnul
Zin

Shops:
D:8 ?(!   D:10 [**?*   Orc:1 (

Portals:
Trove: D:13 (give 2 scrolls of acquirement)

Annotations:
D:15 2 transporters, Notaij's ghost, journeyman DrEE


Innate Abilities, Weirdness & Mutations

You passively map the area around you.
You are easily found by Zot.
You glow in the dark.
You regain HP and MP as you explore.


Message History

The sun demon is moderately wounded.
The wall freezes the steam dragon!
The steam dragon breathes steam at you. The ball of steam hits you!
The sun demon is frozen!
The wall freezes the sun demon!
The sun demon barely misses you. The heat melts your icy armour.
You hit the sun demon.
The sun demon is moderately wounded.
The wall freezes the steam dragon!
You kill the steam dragon!
The +0 steam dragon scales are intact enough to wear.
The sun demon hits you but does no damage.
You block the sun demon's attack.
You slice the sun demon!!
The sun demon is severely wounded.
The sun demon hits you.
You are engulfed in flames!
The sun demon closely misses you. The heat melts your icy armour.
You barely miss the sun demon.
The sun demon is severely wounded.
You block the sun demon's attack.
You closely miss the sun demon.
The sun demon is severely wounded.
The sun demon hits you.
You are engulfed in flames!
Your icy armour melts away.
* * * LOW HITPOINT WARNING * * *
The sun demon hits you but does no damage.
You hit the sun demon but do no damage.
The sun demon is severely wounded.
You block the sun demon's attack.
You closely miss the sun demon.
The sun demon is severely wounded.
The sun demon hits you.
* * * LOW HITPOINT WARNING * * *
You are engulfed in flames!
* * * LOW HITPOINT WARNING * * *
The sun demon hits you.
* * * LOW HITPOINT WARNING * * *
You are engulfed in flames!
You die...

** , * *, , , , #########
* ≈ ,,#8..8...## *∆∆
+........## ∆∆ ≈ ≈
+.....33..## # ∆ ≈ ≈,
#8..8.§@...## ##∆∆, ,
########§§..# ###∆,,,,
####.§.## ####∆ *
####.§.# .########
###...## ..########
###.≈..# ...##†.§###
#####....##
.....§.†.######..#......#
.........#####......≈...#


You could see 2 sun demons.

Vanquished Creatures
  A dire elephant (D:15)
  A fire dragon (D:14)
  2 boulder beetles
  3 hydras
  11 two-headed ogres
  2 ogre magi (D:15)
  A catoblepas (D:13)
  3 centaur warriors (D:15)
  2 tengu warriors
  2 sun demons (Volcano)
  A wizard (D:14)
  An orc knight (Orc:1)
  A manticore (D:11)
  10 ugly things
  A cyclops (D:14)
  16 slime creatures
  A komodo dragon (D:8)
  An efreet (D:13)
  A tengu conjurer (D:13)
  2 trolls
  A queen bee (D:9)
  A merfolk (D:15)
  A tarantella (shapeshifter) (D:15)
  A hornet (D:6)
  A dream sheep (shapeshifter) (D:12)
  A wyvern (D:9)
  3 shadows
  13 yaks
  4 steam dragons
  A yak (shapeshifter) (D:14)
  2 wargs (D:11)
  3 acid dragons
  A two-headed ogre zombie (D:11)
  Duvessa (D:7)
  2 hell hounds (Volcano)
  A black bear (Lair:1)
  An ice beast (D:6)
  3 sky beasts
  8 orc warriors
  5 ogres
  2 boggarts (D:14)
  6 centaurs
  A kobold brigand (D:10)
  5 bullfrogs
  3 scorpions
  Dowan (D:7)
  3 troll zombies (D:11)
  17 killer bees (D:9)
  3 electric eels (D:12)
  11 howler monkeys
  A lava snake (D:15)
  3 hounds (D:6)
  8 orc priests
  5 iguanas
  15 orc wizards
  2 ogre zombies (D:11)
  4 gnolls (D:5)
  8 adders
  3 white imps
  An ufetubus (D:5)
  A worm (D:2)
  A dart slug (D:3)
  40 orcs
  5 ball pythons
  9 endoplasms
  10 giant cockroaches
  8 goblins
  5 hobgoblins
  11 jackals
  7 quokkas
  3 bats
  11 frilled lizards
  A goblin skeleton (D:11)
  2 goblin zombies (D:11)
  A hobgoblin zombie (D:11)
  13 kobolds
  3 orc skeletons (D:11)
  18 orc zombies (D:11)
  6 rats
  A fire vortex (D:15)
375 creatures vanquished.

Vanquished Creatures (others)
  A boggart (D:14)
  2 plants (D:11)
3 creatures vanquished.

Grand Total: 378 creatures vanquished

Notes
Turn   | Place    | Note
-------+----------+-------------------------------------------
     0 | D:1      | frimble the Meteoran Ice Elementalist began the quest for
                  | the Orb.
     0 | D:1      | Reached XP level 1. HP: 14/14 MP: 5/5
    50 | D:1      | Reached XP level 2. HP: 11/20 MP: 2/6
   198 | D:1      | Reached XP level 3. HP: 26/26 MP: 5/8
   233 | D:1      | Reached skill level 1 in Throwing
   264 | D:1      | Reached skill level 5 in Ice Magic
   457 | D:2      | Learned a level 3 spell: Frozen Ramparts
   472 | D:2      | Learned a level 3 spell: Ozocubu's Armour
   480 | D:2      | Reached XP level 4. HP: 33/33 MP: 3/9
   486 | D:2      | Identified the +5 ring mail of Nynifercho {Contam rN+ Str+3
                  | Int+2}
   660 | D:2      | Reached skill level 1 in Armour
  1014 | D:3      | Reached XP level 5. HP: 29/38 MP: 4/10
  1245 | D:3      | Found a faded altar of an unknown god.
  1325 | D:3      | Found a glowing drain.
  1329 | Sewer    | Entered a sewer
  1442 | Sewer    | Reached XP level 6. HP: 45/45 MP: 7/11
  1618 | D:3      | Identified the +7 falchion "Zucirch" {freeze, rElec MP+9
                  | Str+3 SInv}
  1797 | D:4      | Reached XP level 7. HP: 50/50 MP: 12/12
  2297 | D:5      | Entered Level 5 of the Dungeon
  2409 | D:5      | Reached skill level 1 in Long Blades
  2461 | D:5      | Reached skill level 1 in Fighting
  2577 | D:5      | Reached skill level 1 in Shields
  2885 | D:5      | Reached XP level 8. HP: 52/60 MP: 13/13
  3154 | D:6      | Noticed a hornet
  3209 | D:6      | Paralysed by a hornet for 2 turns
  3212 | D:6      | HP: 3/60 [poisoned by a hornet]
  3212 | D:6      | Killed a hornet
  3474 | D:6      | Found a staircase to the Ecumenical Temple.
  3483 | Temple   | Entered the Ecumenical Temple
  3634 | Temple   | Became a worshipper of Ashenzari the Shackled
  3710 | D:7      | Gained mutation: You passively map the area around you.
                  | [Meteoran growth]
  3710 | D:7      | Reached XP level 9. HP: 58/67 MP: 14/14
  3733 | D:7      | Reached skill level 5 in Long Blades
  4041 | D:8      | Reached skill level 5 in Shields
  4082 | D:7      | Noticed Duvessa
  4083 | D:7      | Noticed Dowan
  4088 | D:7      | Killed Duvessa
  4089 | D:7      | Killed Dowan
  4257 | D:8      | Found Locryal's Antique Weapon Shop.
  4260 | D:8      | Bought a brightly glowing scimitar for 279 gold pieces
  4260 | D:8      | Identified the +4 scimitar "Irogut" {vorpal, MP+9} (You
                  | bought it in a shop on level 8 of the Dungeon)
  4266 | D:8      | Noticed a komodo dragon
  4280 | D:8      | Killed a komodo dragon
  4417 | D:8      | Reached XP level 10. HP: 73/73 MP: 15/15
  4420 | D:8      | Found Uhiawn's Magic Scroll Emporium.
  4528 | D:8      | Found Larudwut's Distillery.
  4703 | D:9      | Noticed a two-headed ogre
  4708 | D:10     | Entered Level 10 of the Dungeon
  4734 | D:10     | Found Itwuinwo's Magic Scroll Shop.
  4739 | D:10     | Bought a scroll of enchant armour for 75 gold pieces
  4739 | D:10     | Bought a scroll of teleportation for 30 gold pieces
  4798 | D:10     | Found Teeckoth's Armour Boutique.
  4837 | D:10     | You fall into a shaft and drop 2 floors!
  4898 | D:12     | Noticed a fire crab
  4901 | D:12     | Reached * piety under Ashenzari
  4908 | D:12     | a fire crab changed into a dream sheep
  4948 | D:12     | Reached skill level 10 in Ice Magic
  5086 | D:12     | Noticed a two-headed ogre
  5096 | D:12     | Killed a two-headed ogre
  5202 | D:11     | Noticed a two-headed ogre
  5210 | D:11     | Killed a two-headed ogre
  5211 | D:11     | Reached XP level 11. HP: 73/79 MP: 16/16
  5224 | D:11     | Noticed a two-headed ogre
  5239 | D:11     | Reached skill level 10 in Long Blades
  5239 | D:11     | Killed a two-headed ogre
  5240 | D:11     | Reached skill level 10 in Shields
  5240 | D:11     | Noticed a manticore
  5258 | D:11     | Killed a manticore
  5373 | D:11     | Noticed a red ugly thing
  5384 | D:11     | Killed a red ugly thing
  5622 | D:10     | Found Ovaus's General Store.
  5675 | D:10     | Found Deas's Assorted Antiques.
  5892 | D:10     | Found Qeekhe Huaga's General Store.
  5894 | D:10     | Reached ** piety under Ashenzari
  6026 | D:9      | Killed a two-headed ogre
  6027 | D:9      | Reached XP level 12. HP: 35/85 MP: 17/17
  6960 | D:11     | Found a staircase to the Orcish Mines.
  7074 | D:11     | Found a staircase to the Lair.
  7167 | D:12     | Noticed a two-headed ogre
  7173 | D:12     | Killed a two-headed ogre
  7174 | D:12     | Reached skill level 1 in Transmutations
  7174 | D:12     | Reached skill level 1 in Earth Magic
  7262 | D:13     | Reached *** piety under Ashenzari
  7344 | D:13     | Noticed a seven-headed hydra
  7356 | D:13     | Killed a seven-headed hydra
  7357 | D:13     | Reached skill level 5 in Fighting
  7371 | D:13     | Noticed a two-headed ogre
  7378 | D:13     | Killed a two-headed ogre
  7499 | D:13     | Found a portal to a secret trove of treasure.
  7691 | D:13     | Noticed a catoblepas
  7700 | D:13     | Learned a level 6 spell: Statue Form
  7712 | D:13     | Killed a catoblepas
  7713 | D:13     | Reached skill level 5 in Spellcasting
  7713 | D:13     | Reached XP level 13. HP: 69/102 MP: 21/21
  7763 | D:13     | Noticed a tengu warrior
  7770 | D:13     | Killed a tengu warrior
  7907 | D:13     | Found a stormy altar of Qazlal.
  8045 | D:14     | Noticed a centaur warrior
  8099 | D:14     | Noticed a fire dragon
  8114 | D:14     | Killed a fire dragon
  8115 | D:14     | Reached skill level 5 in Transmutations
  8202 | D:14     | Noticed a boulder beetle
  8218 | D:14     | Killed a boulder beetle
  8219 | D:14     | Reached skill level 5 in Earth Magic
  8378 | D:14     | Noticed a five-headed hydra
  8378 | D:14     | Noticed a five-headed hydra
  8425 | D:15     | Entered Level 15 of the Dungeon
  8509 | D:15     | Noticed a dire elephant
  8534 | D:15     | Killed a dire elephant
  8549 | D:15     | Found a staircase to the Depths.
  8592 | D:15     | Noticed a six-headed hydra
  8602 | D:15     | Killed a six-headed hydra
  8685 | D:15     | Noticed a boulder beetle
  8693 | D:15     | Killed a boulder beetle
  8694 | D:15     | Noticed a centaur warrior
  8708 | D:15     | Killed a centaur warrior
  8748 | D:15     | Noticed a centaur warrior
  8755 | D:15     | Killed a centaur warrior
  8869 | D:15     | Noticed a centaur warrior
  8878 | D:15     | Killed a centaur warrior
  9040 | D:15     | Noticed a frost giant
  9042 | D:15     | Noticed a tengu warrior
  9051 | D:15     | Killed a tengu warrior
  9052 | D:15     | Reached XP level 14. HP: 109/114 MP: 26/26
  9077 | D:15     | Noticed Notaij's ghost (journeyman DrEE)
  9090 | D:15     | Reached **** piety under Ashenzari
  9091 | D:15     | Reached skill level 5 in Dodging
  9117 | D:15     | Found a transporter.
  9252 | D:15     | Found a transporter.
  9367 | D:15     | Identified the Disquisition on the Icy Rocks
  9381 | D:15     | Glimpsed the power of Zot.
  9431 | D:15     | Glimpsed the power of Zot.
  9472 | D:14     | Glimpsed the power of Zot.
  9481 | D:14     | Glimpsed the power of Zot.
  9482 | D:14     | Touched by the power of Zot.
  9483 | D:14     | Noticed an ironbound preserver
  9485 | D:14     | Found a gate to the Vaults.
  9497 | D:14     | Reached skill level 1 in Evocations
  9581 | D:11     | Glimpsed the power of Zot.
  9631 | D:11     | Glimpsed the power of Zot.
  9650 | Orc:1    | Entered Level 1 of the Orcish Mines
  9651 | Orc:1    | Found Plog's Antique Weapon Boutique.
  9738 | Orc:2    | Entered Level 2 of the Orcish Mines
  9807 | Lair:1   | Entered Level 1 of the Lair of Beasts
  9860 | Lair:1   | Found a dark tunnel.
  9869 | Volcano  | Entered a volcano
  9945 | Volcano  | Slain by a sun demon

Illustrated notes

Levels and vault maps discovered:
D:1:      minmay_arrival_five_plusses, layout_rooms
D:2:      layout_basic
D:3:      layout_loops_ring, jmf_multi_god_temple, gup_sewer_entry_spiral,
          hellmonk_ecumenical_altar_run_dry, uniq_crazy_yiuf_cottage
D:4:      layout_loops_ring
D:5:      layout_cave_pods
D:6:      layout_cave_pools, temple_hall, minmay_misc_feat_x,
          kennysheep_opposing_triangles
D:7:      layout_loops_ring, kennysheep_boxes, uniq_duvessa
D:8:      layout_gridville, serial_shops, nicolae_lakefront_shop, shop, shop
D:9:      layout_big_octagon, minivault_7
D:10:     layout_stronghold, serial_shops, shop, shop, nicolae_shop_crystal,
          nicolae_square_shop, kennysheep_little_box
D:11:     layout_loops_ring, erik_lair_orcish_takeover, zombieorc2_lemuel
D:12:     layout_basic, nicolae_elevator_lobby_plus
D:13:     layout_gridville, enter_trove_6, grunt_qazlal_sundering
D:14:     layout_loops_ring, skrybe_vaults_entry_preservation,
          kiku_gazebo_garden_becter
D:15:     hangedman_depths_entry_try_elsewhere_first, layout_grid_maze,
          nzn_ghost_randoct, glass_columns_b, grunt_decor_junction
Temple:   mainiacjoe_temple_big_plus
Lair:1:   layout_loops_ring, nicolae_volcano_entry_two_sided,
          gammafunk_ghost_split, grunt_megastairs_4
Orc:1:    layout_diamond_mine, serial_shops, shop
Orc:2:    st_orc_open, layout_diamond_mine
Volcano:  hellmonk_smoking_crater

Skill      XL: |  1  2  3  4  5  6  7  8  9 10 11 12 13 14 |
---------------+-------------------------------------------+-----
Throwing       | 1 |  1.9
Ice Magic      | 5 6 7 8 9 11 12 | 12.3
Armour         | 2 3 4 |  4.2
Long Blades    | 2 4 7 9 11 12 | 12.7
Fighting       | 1 5 7 8 |  8.6
Shields        | 1 4 6 9 11 | 11.0
Spellcasting   | 5 7 8 |  8.4
Transmutations | 3 6 7 |  7.9
Earth Magic    | 3 6 7 |  7.8
Dodging        | 4 6 |  6.1
Stealth        | 3 |  3.8
Evocations     | 2 |  2.2

Action                   |  1- 3 |  4- 6 |  7- 9 | 10-12 | 13-15 || total
-------------------------+-------+-------+-------+-------+-------++-------
Melee: Unarmed           |     8 |    17 |       |       |       ||    25
       Falchion          |       |     5 |   170 |   381 |   213 ||   769
       Punch             |       |       |     1 |       |       ||     1
       Scimitar          |       |       |       |       |    48 ||    48
 Cast: Freeze            |    43 |    64 |     2 |     6 |    22 ||   137
       Frozen Ramparts   |     1 |     4 |     8 |    35 |    32 ||    80
       Ozocubu's Armour  |       |       |     4 |    28 |    29 ||    61
Invok: Curse Item        |       |       |     1 |     5 |     2 ||     8
       Shatter the Chain |       |       |       |     1 |       ||     1
Evoke: Wand              |       |       |       |       |     4 ||     4
       Lightning rod     |       |       |       |       |     3 ||     3
       Condenser vane    |       |       |       |       |     1 ||     1
  Use: Scroll            |       |       |    12 |     5 |     1 ||    18
       Potion            |       |       |     2 |     2 |     1 ||     5
Armor: Robe              |    14 |       |       |       |       ||    14
       Ring mail         |       |    50 |    95 |   147 |   132 ||   424
Dodge: Dodged            |    30 |    33 |    76 |   133 |    94 ||   366
Block: Buckler           |       |       |    34 |   163 |   121 ||   318

Table legend: (Time is in decaauts)
 A = Elapsed time spent in this place.
 B = Non-inter-level travel time spent in this place.
 C = Inter-level travel time spent in this place.
 D = Time resting spent in this place.
 E = Time spent auto-exploring this place.
 F = Levels seen in this place.
 G = Mean time per level.
                   A        B        C        D        E       F      G
               +--------+--------+--------+--------+--------+-----+--------+
         Total |   9865 |   9021 |    844 |      0 |   6349 |  21 |  469.8 |
       Dungeon |   9189 |   8391 |    798 |      0 |   6014 |  15 |  612.6 |
        Temple |    173 |    140 |     33 |      0 |    137 |   1 |  173.0 |
          Lair |     60 |     60 |      0 |      0 |     41 |   1 |   60.0 |
  Orcish Mines |    125 |    113 |     12 |      0 |     54 |   2 |   62.5 |
         Sewer |    248 |    248 |      0 |      0 |     83 |   1 |  248.0 |
       Volcano |     68 |     68 |      0 |      0 |     19 |   1 |   68.0 |
               +--------+--------+--------+--------+--------+-----+--------+

Top non-repeatable levels by time:
    D:15: 958 daAuts
     D:8: 910 daAuts
    D:13: 762 daAuts
    D:11: 733 daAuts
    D:10: 675 daAuts
     D:5: 623 daAuts
     D:6: 611 daAuts
     D:4: 577 daAuts
     D:2: 566 daAuts
     D:3: 550 daAuts
    D:14: 488 daAuts
     D:9: 484 daAuts
     D:1: 432 daAuts
     D:7: 413 daAuts
    D:12: 403 daAuts
